 Dungeon Crawl Stone Soup version 0.19.0-2-gae57169 (webtiles) character file.

752 MirrMurr the Basher (level 7, 0/41 HPs)
             Began as a Gargoyle Berserker on Nov 5, 2016.
             Was a Priest of Trog.
             Slain by a howler monkey (3 damage)
             ... on level 5 of the Dungeon.
             The game lasted 00:09:40 (5300 turns).

MirrMurr the Basher (Gargoyle Berserker)            Turns: 5300, Time: 00:09:41

Health: 0/41       AC: 15    Str: 23      XL:     7   Next: 78%
Magic:  7/7        EV:  8    Int:  7      God:    Trog [***...]
Gold:   263        SH:  0    Dex:  8 (9)  Spells: 0 memorised, 6 levels left

rFire  . . .     SeeInvis .     a - +0 mace
rCold  . . .     Gourm    .     B - +0 chain mail
rNeg   + . .     Faith    .     (no shield)
rPois  ∞         Spirit   .     (no helmet)
rElec  +         Reflect  .     p - +1 cloak
rCorr  .         Harm     .     (no gloves)
MR     .....                    (no boots)
Stlth  ..........               (no amulet)
                                (no ring)
                                (no ring)

@: exhausted, slowed, very slow
A: negative energy resistance 1, electricity resistance, unbreathing,
petrification resistance, rot immunity, AC +4
a: Berserk, Trog's Hand, Burn Spellbooks, Renounce Religion


You were on level 5 of the Dungeon.
You worshipped Trog.
Trog was most pleased with you.
You were not hungry.

You visited 1 branch of the dungeon, and saw 5 of its levels.

You collected 263 gold pieces.

Inventory:

Hand Weapons
 a - a +0 mace (weapon)
Missiles
 e - 92 stones
 v - 7 javelins of penetration (quivered)
 w - 5 tomahawks
 y - 2 curare-tipped needles
Armour
 p - a +1 cloak (worn)
 B - a +0 chain mail (worn)
Jewellery
 f - an uncursed ring of positive energy {unknown}
 l - a +5 ring of evasion {unknown}
 s - an uncursed ring of fire {unknown}
Scrolls
 b - a scroll of teleportation
 r - a scroll of fear
 A - a scroll of blinking
Potions
 d - a potion of haste
 g - a potion of curing
 i - a potion of cancellation
 j - a potion of might {unknown}
 k - a potion of agility {unknown}
 m - a potion of magic {unknown}
 n - a potion of mutation {unknown}
 q - a potion of lignification {unknown}
 t - a potion of flight {unknown}
 z - a potion of beneficial mutation {unknown}
 D - a potion of berserk rage {unknown}
Comestibles
 c - 8 bread rations
 o - a beef jerky


   Skills:
 - Level 3.2 Fighting
 + Level 9.0 Maces & Flails
 - Level 2.1 Armour
 - Level 1.5 Dodging


You had 6 spell levels left.
You didn't know any spells.

Dungeon Overview and Level Annotations

Branches:
Dungeon (5/15)
 Temple: D:4-7

Altars:
Ashenzari
Cheibriados
Fedhas
Makhleb
Okawaru
Sif Muna
Trog
Yredelemnul
The Shining One


Innate Abilities, Weirdness & Mutations

You are resistant to torment.
Your stone body is resilient. (AC +4)
You are immune to poison.
You resist negative energy. (rN+)
You are resistant to electric shocks. (rElec)
You can survive without breathing.
You are immune to petrification.
You are immune to rotting.


Message History

The howler monkey hits you but does no damage.
You hit the howler monkey.
The howler monkey is moderately wounded.
The howler monkey hits you but does no damage. x2
You hit the howler monkey but do no damage.
The howler monkey is moderately wounded.
The howler monkey hits you but does no damage. x2
You hit the howler monkey but do no damage.
The howler monkey is moderately wounded.
The howler monkey hits you.
* * * LOW HITPOINT WARNING * * *
The howler monkey hits you.
* * * LOW HITPOINT WARNING * * *
You closely miss the howler monkey.
The howler monkey is moderately wounded.
The howler monkey hits you but does no damage.
You hit the howler monkey.
The howler monkey is severely wounded.
The howler monkey hits you.
You die...

#......≈## ##≈.....
##......≈≈####≈≈.....
#........≈≈≈≈≈≈......
#.................... ########
#.#.................. #......#
#.##................# #.####.#
#.................... .....#.#
####h#.............##
#.##.#.#####
#@##.....♣.......#
#.##.......#
##.#####..####...##
..##.#.###.# ##.........#
##.## ####.#.#...#
#.....####.# #.# ####.#.....#
#......# #.# #.# .....###...#
#....>.###.# ##+##
####.####..####.........#
##...##
#.........##..##.##..###.....#
#
##...#.##.##.........##.......


You could see a howler monkey.

Vanquished Creatures
  An ice beast (D:5)
  2 ogres (D:4)
  A big kobold (D:4)
  A bullfrog (D:4)
  A howler monkey (D:4)
  A crimson imp (D:5)
  A quasit (D:5)
  A hound (D:4)
  A bullfrog skeleton (D:5)
  A worker ant (D:5)
  7 adders
  2 gnolls
  An ooze (D:3)
  An adder zombie (D:5)
  A worm (D:2)
  4 leopard geckos
  3 ball pythons
  7 bats
  5 goblins
  14 hobgoblins
  8 jackals
  8 kobolds
  9 quokkas
  5 frilled lizards
  A quokka skeleton (D:4)
  7 rats
94 creatures vanquished.

Notes
Turn   | Place    | Note
-------+----------+-------------------------------------------
     0 | D:1      | MirrMurr the Gargoyle Berserker began the quest for the Orb.
     0 | D:1      | Reached XP level 1. HP: 14/14 MP: 1/1
   197 | D:1      | Reached XP level 2. HP: 13/19 MP: 2/2
   599 | D:1      | Reached skill level 4 in Maces & Flails
   599 | D:1      | Reached XP level 3. HP: 23/23 MP: 3/3
  1117 | D:1      | Reached ** piety under Trog
  1490 | D:2      | Found a basalt altar of Yredelemnul.
  1490 | D:2      | Found a burning altar of Makhleb.
  1490 | D:2      | Found a deep blue altar of Sif Muna.
  1490 | D:2      | Found a snail-covered altar of Cheibriados.
  1490 | D:2      | Found a blossoming altar of Fedhas.
  1590 | D:2      | Reached XP level 4. HP: 25/28 MP: 4/4
  2034 | D:2      | Found a bloodstained altar of Trog.
  2113 | D:2      | Reached skill level 5 in Maces & Flails
  2336 | D:2      | Found a shattered altar of Ashenzari.
  2978 | D:3      | Found a glowing golden altar of the Shining One.
  3609 | D:4      | Reached XP level 5. HP: 29/32 MP: 5/5
  3621 | D:4      | Noticed a big kobold
  3632 | D:4      | Reached skill level 6 in Maces & Flails
  3643 | D:4      | Killed a big kobold
  3643 | D:4      | Reached XP level 6. HP: 30/37 MP: 6/6
  3918 | D:4      | Reached skill level 7 in Maces & Flails
  4031 | D:4      | Reached *** piety under Trog
  4083 | D:4      | Reached XP level 7. HP: 41/41 MP: 7/7
  4222 | D:4      | Reached skill level 8 in Maces & Flails
  4293 | D:4      | Found a bloodstained altar of Trog.
  4294 | D:4      | Found an iron altar of Okawaru.
  4408 | D:5      | Entered Level 5 of the Dungeon
  5284 | D:5      | Reached skill level 9 in Maces & Flails
  5300 | D:5      | Slain by a howler monkey

Skill      XL: |  1  2  3  4  5  6  7 |
---------------+----------------------+-----
Maces & Flails | 4 5 6 7 9 |  9.0
Fighting       | |  3.2
Armour         | |  2.1
Dodging        | |  1.5

Action                   |  1- 3 |  4- 6 |  7- 9 || total
-------------------------+-------+-------+-------++-------
Melee: Mace              |   121 |   149 |   101 ||   371
Invok: Berserk           |     1 |     2 |     1 ||     4
       Burn Spellbooks   |       |     1 |       ||     1
  Use: Scroll            |     2 |     4 |     4 ||    10
  Eat: Chunk             |     3 |     7 |     1 ||    11
       Meat ration       |       |     1 |     1 ||     2
Armor: Animal skin       |    54 |     8 |       ||    62
       Leather armour    |       |    24 |       ||    24
       Scale mail        |       |    39 |    28 ||    67
       Chain mail        |       |       |    52 ||    52
Dodge: Dodged            |    96 |    75 |    47 ||   218
